Unix NetHack Version 3.7.0-86 Work-in-progress - last build May 30 2023 01:50:43 (cc98dc9aa62a9957b082a042edf5bd7ec9f632c7,branch:master). Game began 2023-07-05 20:38:58, ended 2023-07-06 19:49:35. spontiff, neutral male gnomish Healer #####)####(#[##)################## ------ ##--------------------------------# |....| ####|..............................|#####.<...| ------ #| -----.o--------------|-......|## |.....#### |....| ### ..| .|...|..|......)# -|---- ##.....| # .+ .|...|..|......|# # |....| ## .|------||.. |--|......|# # |.^..| # ------.|..|..|.|.. |..|......|# # |....| # |(...|.|..|..|.-|--|..|.----.|# # ----.- # |._@o(@|..-|--..{..-|--.| .|.|# # ####### # |... |@-|--......%.....)-..|.|# # ##### # |. |.)....-|--....--|-|--|.|# -|---.- # -- -- ....|..|....|.(.| |.|# |.....| # |....|]*|....|((.| |.|#####|.....| # |....|%%|....|(((| |.| #......| # -....----.{..----- -.| |.....| # ................. .| |.>...| ) ------------------- --- ------- Spontiff the Rhizotomist St:8 Dx:8 Co:14 In:10 Wi:15 Ch:18 Neutral S:250 Dlvl:5 $:1381 HP:0(26) Pw:4(4) AC:4 Xp:1/0 T:2687 Stressed Latest messages: The large dog misses Prokythera's ghost. The large dog misses Prokythera's ghost. The large dog misses Prokythera's ghost. The large dog misses Prokythera's ghost. The large dog misses Prokythera's ghost. The large dog misses Prokythera's ghost. The large dog misses Prokythera's ghost. The large dog misses Prokythera's ghost. What do you want to use or apply? [ckostGSYZ or ?*] o You produce a strange whistling sound. Your large dog shifts location. The large dog misses Prokythera's ghost. The large dog misses Prokythera's ghost. What do you want to use or apply? [ckostGSYZ or ?*] s In what direction? u Status of the large dog (neutral, medium): Level 9 HP 24(72) AC 4, tame. The large dog bites Prokythera's ghost. Prokythera's ghost touches the large dog. The large dog misses Prokythera's ghost. The large dog misses Prokythera's ghost. The large dog misses Prokythera's ghost. The large dog misses Prokythera's ghost. The large dog misses Prokythera's ghost. Prokythera's ghost touches you! The hill orc picks up a crude short sword. The large dog misses Prokythera's ghost. You hear the chime of a cash register. What do you want to use or apply? [ckostGSYZ or ?*] o You produce a strange whistling sound. Your large dog shifts location. Prokythera's ghost touches you! The hill orc picks up 168 gold pieces. The large dog bites the grid bug. The grid bug is killed! The large dog bites the watchman. The watchman swings her knife at the large dog. The watchman misses the large dog. The large dog misses Prokythera's ghost. The large dog misses Prokythera's ghost. The large dog misses Prokythera's ghost. You see here a runed dagger. The large dog bites Prokythera's ghost. Prokythera's ghost misses the large dog. You swap places with the peaceful watchman. The large dog misses the watchman. The hill orc zaps a jeweled wand! The bolt of cold hits you! You die... Do you want your possessions identified? [ynq] (y) y Do you want to see the dungeon overview? [ynq] (y) q Inventory: Coins $ - 1381 gold pieces Amulets U - a cursed amulet of restful sleep Weapons W - an uncursed +0 arrow N - an uncursed +0 elven dagger Armor h - an uncursed +0 dwarvish iron helm (being worn) u - a cursed -1 helmet a - a cursed -2 helmet g - an uncursed +1 pair of leather gloves (being worn) e - an uncursed +0 pair of leather gloves x - an uncursed +0 pair of leather gloves A - a cursed -1 pair of high boots v - an uncursed +0 pair of iron shoes (being worn) f - an uncursed +0 pair of low boots l - a blessed +0 small shield D - a cursed -1 small shield i - an uncursed +0 dwarvish cloak q - an uncursed +0 dwarvish cloak (being worn) L - an uncursed +0 dwarvish cloak F - a blessed +0 studded leather armor Comestibles y - 7 uncursed apples n - an uncursed food ration p - an uncursed tripe ration Scrolls K - an uncursed scroll of create monster H - 2 uncursed scrolls of enchant armor I - an uncursed scroll of identify V - an uncursed scroll of teleportation Spellbooks G - an uncursed spellbook of detect monsters Z - an uncursed spellbook of slow monster Potions J - an uncursed potion of blindness X - an uncursed potion of blindness C - 3 uncursed potions of extra healing T - an uncursed potion of restore ability Rings B - an uncursed +2 ring of protection Wands S - an uncursed wand of sleep (0:7) Tools Y - an empty cursed bag of holding o - an uncursed magic whistle k - an uncursed skeleton key s - an uncursed stethoscope t - an uncursed towel c - an uncursed +0 unicorn horn Gems/Stones E - an uncursed aquamarine stone w - 2 uncursed chrysoberyl stones Q - an uncursed sapphire d - 2 uncursed turquoise stones b - an uncursed worthless piece of black glass m - 3 uncursed worthless pieces of green glass P - 2 uncursed worthless pieces of orange glass j - an uncursed worthless piece of white glass z - 2 uncursed worthless pieces of yellow glass Spontiff the Healer's attributes: Background: You were a Rhizotomist, a level 1 male gnomish Healer. You were neutral, on a mission for Hermes who was opposed by Athena (lawful) and Poseidon (chaotic). You were in the Gnomish Mines, on level 5. You entered the dungeon 2687 turns ago. You had 0 experience points, 20 were needed to attain level 2. Your score was 250 before end-of-game adjustments. Basics: You had 0 out of 26 hit points. You had all 4 energy points (spell power). Your armor class was 4. Your wallet contained 1381 zorkmids. Autopickup was on for '$!/="?' plus thrown, with exceptions. Final Characteristics: Your strength was 8 (limit:18/50). Your dexterity was 8 (limit:18). Your constitution was 14 (limit:18). Your intelligence was 10 (limit:19). Your wisdom was 15 (limit:18). Your charisma was 18 (limit:18). Final Status: You were not hungry. You were stressed; movement was moderately slowed. You were empty handed. You were unskilled in bare handed combat. Final Attributes: You were devoutly aligned. You were poison resistant. You had infravision. You were warded. You are dead. Miscellaneous: You encountered 1 bones level. Total elapsed playing time was 41 minutes and 44 seconds. Major events: Turn 1: spontiff the neutral male gnomish Healer entered the dungeon 822: entered the Gnomish Mines 2687: killed by a bolt of cold zapped by a hill orc Vanquished creatures: 2 watchmen a gnome ruler a lizard a black unicorn a bugbear a fog cloud a gnome leader 4 dwarves an iguana an acid blob 3 hobbits 2 giant rats a yellow mold a red mold 3 gnomes 4 gnome zombies 6 geckos 3 jackals 2 foxes 2 kobolds a goblin 4 sewer rats 12 grid bugs 7 lichens 3 kobold zombies 9 newts 77 creatures vanquished. No species were genocided or became extinct. Voluntary challenges: You never hit with a wielded weapon. You were a pacifist. You read items or engraved 2 times. You never engraved Elbereth. You never genocided any monsters. You never polymorphed an object. You never changed form. You used no wishes. Achievements: You entered the Gnomish Mines. You entered a shop. The Dungeons of Doom: levels 1 to 3 Level 1: A grave. Level 2: A general store. Stairs down to The Gnomish Mines. Level 3: The Gnomish Mines: levels 3 to 6 Level 3: Level 4: Level 5: <- You were here. A lighting shop, an altar, some fountains. Final resting place for you, killed by a bolt of cold zapped by a hill orc, Prokythera-Rog-Orc-Fem-Cha, killed by a gnome queen. Level 6: Game over: ---------- / \ / REST \ / IN \ / PEACE \ / \ | spontiff | | 1381 Au | | killed by a bolt | | of cold zapped | | by a hill orc | | | | 2023 | *| * * * | * _________)/\\_//(\/(/\)/\//\/|_)_______ Goodbye spontiff the Healer... You died in The Gnomish Mines on dungeon level 5 with 250 points, and 1381 pieces of gold, after 2687 moves. You were level 1 with a maximum of 26 hit points when you died.